 Dungeon Crawl Stone Soup version 0.19-a0-26-gae82a2b (webtiles) character file.

79 Kenran the Twirler (level 4, 0/26 HPs)
             Began as a Gargoyle Gladiator on May 1, 2016.
             Slain by a gnoll
             ... wielding a +0 halberd
              (9 damage)
             ... on level 1 of the Dungeon.
             The game lasted 00:05:09 (1751 turns).

Kenran the Twirler (Gargoyle Gladiator)             Turns: 1751, Time: 00:05:09

Health: 0/26       AC: 10    Str: 19    XL:     4   Next: 37%
Magic:  4/4        EV: 11    Int:  8    God:
Gold:   86         SH:  0    Dex: 11    Spells: 0 memorised, 3 levels left

rFire  . . .     SeeInvis .     a - +1 quarterstaff
rCold  . . .     Gourm    .     k - +0 ring mail
rNeg   + . .     Faith    .     (shield currently unavailable)
rPois  ∞         Spirit   .     c - +0 helmet
rElec  +         Dismiss  .     (no cloak)
rCorr  .         Reflect  .     h - +0 pair of gloves
SustAt .         Harm     .     (no boots)
MR     .....                    (no amulet)
Stlth  +.........               (no ring)
                                (no ring)

@: not resistant to hostile enchantments, very unstealthy
A: negative energy resistance 1, electricity resistance, unbreathing,
petrification resistance, rot immunity, AC +3
a: no special abilities


You were on level 1 of the Dungeon.
You were not hungry.

You visited 1 branch of the dungeon, and saw 2 of its levels.

You collected 86 gold pieces.

Inventory:

Hand Weapons
 a - a +1 quarterstaff (weapon)
Armour
 c - a +0 helmet (worn)
 h - a +0 pair of gloves (worn)
 k - a +0 ring mail (worn)
Scrolls
 b - a scroll of enchant armour {unknown}
Potions
 e - a potion of curing {unknown}
 g - a potion of cancellation {unknown}
Comestibles
 d - 4 chunks of flesh
 f - 2 bread rations
 i - a royal jelly


   Skills:
 - Level 2.1 Fighting
 + Level 5.0 Staves
 - Level 1.7 Throwing
 - Level 2.4 Dodging


You had 3 spell levels left.
You didn't know any spells.

Dungeon Overview and Level Annotations

Branches:
Dungeon (2/15)

Altars:
Dithmenos


Innate Abilities, Weirdness & Mutations

You are resistant to torment.
Your stone body is resilient (AC +3).
You are immune to poison.
You resist negative energy.
You are resistant to electric shocks.
You can survive without breathing.
You are immune to petrification.
You are immune to rotting.


Message History

You barely miss the gnoll. The gnoll hits you with a halberd.
The gnoll hits you. The gnoll hits you with a spear.
You hit the gnoll.
The gnoll is moderately wounded.
The gnoll completely misses you. The gnoll hits you but does no damage.
The gnoll closely misses you.
You hit the gnoll.
The gnoll is heavily wounded.
The gnoll hits you. The gnoll hits you but does no damage.
The gnoll hits you with a halberd.
You hit the gnoll.
The gnoll is severely wounded.
The gnoll closely misses you.
The gnoll hits you but does no damage. x2
You hit the gnoll.
The gnoll is almost dead.
The gnoll closely misses you. The gnoll hits you but does no damage.
You closely miss the gnoll.
The gnoll is almost dead.
The gnoll hits you with a halberd!
You die...

....###.#.##.......# #.#####..
....#.....##.......# #.##.....
....#.#............# #.##.....
....#.##.........### #..'.....
.................# ####.....
....#............###########.....
....####..................##.....
...............g)g...............
###..###.....#.#@#.#.#....##.....
# #...#####'#....g........##.....
# #.#.# #.##.#.#)#.#....##..... #
#.#.# #.#.................... #
#.#.## #.##.#.#.#.#........... #
#.#..# #.#.................... #
#.##.####.##.#.#.#.#.........## #
#.....†......................#
####.####..#.#.#)#.#.........#


You could see 3 gnolls.

Vanquished Creatures
  3 gnolls (D:1)
  An ooze (D:1)
  2 dart slugs (D:2)
  A giant gecko (D:2)
  A giant cockroach (D:2)
  4 goblins
  3 hobgoblins
  6 jackals (D:1)
  4 bats
  2 giant newts
  5 kobolds
  12 rats
44 creatures vanquished.

Vanquished Creatures (others)
  A goblin (D:1)
1 creature vanquished.

Grand Total: 45 creatures vanquished

Notes
Turn   | Place    | Note
--------------------------------------------------------------
     0 | D:1      | Kenran the Gargoyle Gladiator began the quest for the Orb.
     0 | D:1      | Reached XP level 1. HP: 12/12 MP: 1/1
   236 | D:1      | Reached XP level 2. HP: 17/17 MP: 2/2
   363 | D:1      | Reached skill level 4 in Staves
   429 | D:1      | Reached XP level 3. HP: 21/21 MP: 3/3
  1316 | D:2      | Found a shadowy altar of Dithmenos.
  1408 | D:1      | Reached XP level 4. HP: 18/26 MP: 4/4
  1534 | D:1      | Reached skill level 5 in Staves
  1751 | D:1      | Slain by a gnoll

Vault maps used:
D:1:      dpeg_arrival_ratfight, st_stairs_9, monster_avoids_cloud
D:2:      nicolae_dithmenos_shadow_blocks, amethyst_overflow_temple_binary,
          first_bread, grunt_ministairs_4, minmay_misc_feat_columns,
          grunt_decor_cap, minmay_cupped, uniq_iyjb

Skill      XL: |  1  2  3  4 |
---------------+-------------+-----
Staves         | 4 5 |  5.0
Fighting       | |  2.1
Throwing       | |  1.7
Dodging        | |  2.4

Action                   |  1- 3 |  4- 6 || total
-------------------------+-------+-------++-------
Melee: Quarterstaff      |   129 |    17 ||   146
  Use: Scroll            |     5 |       ||     5
  Eat: Meat ration       |     1 |       ||     1
Armor: Leather armour    |    36 |       ||    36
       Ring mail         |    17 |    13 ||    30
Dodge: Dodged            |    94 |    17 ||   111
